Sabres vs Oilers

Created - 11 février 2021 at 16:34

Goals
1 2 3 T
Sabres 1 1 3 5
Oilers 0 1 1 2
Shots
1 2 3 T
Sabres 8 19 15 42
Oilers 13 7 12 32

1st period

1. Sabres , Andre Burakovsky 13 (Anze Kopitar 21, Rickard Rakell 18) at 18:29

Penalties :
Dennis Gilbert (EDM) for Tripping (Minor) at 10:42

2nd period

2. Oilers , Sonny Milano 12 (Kyle Okposo 7, Sam Gagner 10) at 8:16
3. Sabres , Tyler Ennis 7 (Joonas Donskoi 9) at 17:19

Penalties :
Brenden Dillon (EDM) for Hooking (Minor) at 10:56, Kevin Shattenkirk (EDM) for Hooking (Minor) at 15:12

3rd period

4. Sabres , Andre Burakovsky 14 (Anze Kopitar 22) at 10:43 (PP)
5. Sabres , Ryan Carpenter 7 (Joonas Donskoi 10, Ryan Murray 3) at 13:58
6. Sabres , Nicklas Backstrom 12 (Clayton Keller 6, Kailer Yamamoto 12) at 16:46
7. Oilers , Kyle Okposo 5 (Kevin Shattenkirk 13, Sam Gagner 11) at 16:58

Penalties :
Brenden Dillon (EDM) for Slashing (Minor) at 10:40

Goalie Stats

Martin Jones (BUF), 30 saves from 32 shots - (0,938), W, 3-1-0, 60:00 minutes
Thomas Greiss (EDM), 37 saves from 42 shots - (0,881), L, 7-11-0, 60:00 minutes

Players Stats for Sabres

Player Name              G  A  P  +/- PIM S  H  SB GA TA FO     MP     PP MP  PK MP  
------------------------------------------------------------------------------------
Andre Burakovsky         2  0  2   0  0   4  3  0  0  1  0/1    19:08   2:52   0:00 
Anze Kopitar             0  2  2   0  0   3  2  0  0  1  12/21  19:15   2:59   0:00 
Clayton Keller           0  1  1   1  0   4  1  1  3  0  0/1    15:01   0:00   0:00 
Filip Hronek             0  0  0   0  0   1  0  0  1  0  0/0    22:46   3:23   0:00 
Ivan Provorov            0  0  0   0  0   2  1  2  1  0  0/0    21:54   2:37   0:00 
Joonas Donskoi           0  2  2   1  0   4  2  0  0  0  0/0    11:00   0:13   0:00 
Kailer Yamamoto          0  1  1   1  0   3  2  0  0  0  0/2    18:19   3:12   0:00 
Kevin Hayes              0  0  0   0  0   3  1  0  1  0  7/9    11:56   0:00   0:00 
Madison Bowey            0  0  0   1  0   0  3  1  0  0  0/0    17:06   2:37   0:00 
Marco Scandella          0  0  0   1  0   0  1  0  0  1  0/0    14:29   0:00   0:00 
Nicklas Backstrom        1  0  1   1  0   2  2  0  0  0  13/19  17:49   2:48   0:00 
Rasmus Dahlin            0  0  0   1  0   2  1  0  0  2  0/0    23:37   3:23   0:00 
Rickard Rakell           0  1  1   0  0   4  3  1  0  1  2/2    18:46   2:31   0:00 
Ryan Carpenter           1  0  1   1  0   2  0  1  0  0  1/4    10:42   0:00   0:00 
Ryan Murray              0  1  1   1  0   3  1  1  0  2  0/0    20:08   0:00   0:00 
Tyler Ennis              1  0  1   1  0   2  0  0  1  0  0/0    11:24   0:37   0:00 
Viktor Arvidsson         0  0  0   0  0   0  0  0  0  0  0/0    11:56   0:00   0:00 
Zach Hyman               0  0  0   0  0   3  3  0  0  1  0/0    14:44   2:48   0:00 

Players Stats for Oilers

Player Name              G  A  P  +/- PIM S  H  SB GA TA FO     MP     PP MP  PK MP  
------------------------------------------------------------------------------------
Adam Erne                0  0  0  -2  0   0  2  0  0  0  0/2    13:51   0:00   2:48 
Ben Street               0  0  0  -1  0   1  1  0  1  0  4/6    14:01   0:00   2:52 
Bobby Ryan               0  0  0   0  0   0  1  0  0  1  0/0    16:18   0:00   0:39 
Brandon Montour          0  0  0  -1  0   1  0  1  1  0  0/0    21:45   0:00   3:16 
Brendan Smith            0  0  0  -1  0   1  2  1  0  0  0/0    21:02   0:00   2:41 
Brenden Dillon           0  0  0   0  4   0  1  1  0  1  0/0    20:17   0:00   1:42 
Christian Djoos          0  0  0  -1  0   1  0  2  0  0  0/0    17:43   0:00   0:35 
Connor McDavid           0  0  0   0  0   6  0  1  1  0  5/12   16:00   0:00   0:21 
Dennis Gilbert           0  0  0  -1  2   0  0  1  0  1  0/0    18:51   0:00   1:51 
Evgeni Dadonov           0  0  0   0  0   4  0  1  1  1  0/0    15:37   0:00   0:00 
Jordan Nolan             0  0  0  -1  0   1  1  1  0  0  0/0    11:09   0:00   0:00 
Kevin Shattenkirk        0  1  1   0  2   2  0  2  1  2  0/0    20:27   0:00   1:55 
Kyle Okposo              1  1  2   1  0   4  1  0  0  0  0/2    16:02   0:00   0:00 
Nathan Gerbe             0  0  0  -1  0   2  2  0  1  0  0/1    11:09   0:00   0:00 
Sam Gagner               0  2  2   1  0   0  3  0  0  1  9/26   16:02   0:00   0:00 
Sonny Milano             1  0  1   1  0   3  0  2  0  0  3/3    16:02   0:00   0:00 
Tomas Nosek              0  0  0  -2  0   3  2  0  2  0  3/7    13:50   0:00   2:40 
Tyler Motte              0  0  0  -2  0   3  1  0  1  0  0/0    13:50   0:00   2:40 

3 Stars

1 - Andre Burakovsky (BUF)
2 - Joonas Donskoi (BUF)
3 - Nicklas Backstrom (BUF)

Power Play

Sabres - 1 on 4 Attempt(s) - 25,00%
Oilers - 0 on 0 Attempt(s) - 0,00%

Penalty Kill

Sabres - 0 on 0 Attempt(s) - 0,00% - Score 0 goal in Penalty Kill
Oilers - 3 on 4 Attempt(s) - 75,00% - Score 0 goal in Penalty Kill

Team Stat

Sabres - Hits : 26 - Faceoff Wins : 35 - Blocked Shots : 7 - Penalty Minutes : 0
Oilers - Hits : 17 - Faceoff Wins : 24 - Blocked Shots : 13 - Penalty Minutes : 8

Official

Referees : Jim Curtin and Brad Meier
Linesman : Shandor Alphonso and Brendan Lewis

Game Notes

No Game Note

Finance

Level 1 -- Attendance: 4698 (78,30%) -- Ticket Income 493 290 $
Level 2 -- Attendance: 3706 (74,12%) -- Ticket Income 240 890 $
Level 3 -- Attendance: 1803 (90,15%) -- Ticket Income 68 514 $
Level 4 -- Attendance: 3179 (79,48%) -- Ticket Income 73 117 $
Luxury Box -- Attendance: 776 (77,60%) -- Ticket Income 147 440 $
Game was played at the Edmonton Coliseum.
Total Attendance: 14162 (78,68%)
Total Ticket Income: 1 023 251 $
Other Income: 501 393 $
Total Income: 1 524 644 $

Sabres

5 vs 5 Forward 
   Center                   Left Wing                Right Wing               Time % Phy DF OF 
 1 Anze Kopitar             Andre Burakovsky         Rickard Rakell           30     0   2  3  
 2 Nicklas Backstrom        Clayton Keller           Kailer Yamamoto          27     0   2  3  
 3 Kevin Hayes              Viktor Arvidsson         Zach Hyman               23     0   2  3  
 4 Ryan Carpenter           Tyler Ennis              Joonas Donskoi           20     0   3  2  

5 vs 5 Defense 
   Defense                  Defense                                           Time % Phy DF OF 
 1 Ivan Provorov            Filip Hronek                                      38     0   3  2  
 2 Rasmus Dahlin            Ryan Murray                                       35     0   3  2  
 3 Madison Bowey            Marco Scandella                                   27     0   3  2  
 4 Ivan Provorov            Rasmus Dahlin                                     0      0   3  2  

PowerPlay Forward 
   Center                   Left Wing                Right Wing               Time % Phy DF OF 
 1 Anze Kopitar             Kailer Yamamoto          Andre Burakovsky         60     0   0  5  
 2 Nicklas Backstrom        Rickard Rakell           Zach Hyman               40     0   0  5  

PowerPlay Defense
   Defense                  Defense                                           Time % Phy DF OF 
 1 Rasmus Dahlin            Filip Hronek                                      59     0   1  4  
 2 Madison Bowey            Ivan Provorov                                     41     0   1  4  

Penalty Kill 4 Players Forward 
   Center                   Wing                     Time % Phy DF OF 
 1 Ryan Carpenter           Zach Hyman               65     0   4  1  
 2 Anze Kopitar             Kevin Hayes              35     1   4  0  

Penalty Kill 4 Players Defense
   Defense                  Defense                  Time % Phy DF OF 
 1 Ryan Murray              Marco Scandella          65     0   5  0  
 2 Ivan Provorov            Filip Hronek             35     0   5  0  

Penalty Kill - 3 Players Forward 
   Forward                                           Time % Phy DF OF 
 1 Ryan Carpenter                                    60     0   5  0  
 2 Kevin Hayes                                       40     0   5  0  

Penalty Kill - 3 Players Defense
   Defense                  Defense                  Time % Phy DF OF 
 1 Marco Scandella          Ryan Murray              60     0   5  0  
 2 Ivan Provorov            Filip Hronek             40     0   5  0  

4 vs 4 Forward 
   Center                   Wing                     Time % Phy DF OF 
 1 Kevin Hayes              Joonas Donskoi           50     1   1  3  
 2 Nicklas Backstrom        Clayton Keller           50     1   1  3  

4 vs 4 Defense
   Defense                  Defense                  Time % Phy DF OF 
 1 Madison Bowey            Filip Hronek             50     1   2  2  
 2 Marco Scandella          Ryan Murray              50     1   2  2  

Last Minutes Offensive
   Center                   Left Wing                Right Wing               Defense                  Defense                  
   Nicklas Backstrom        Clayton Keller           Viktor Arvidsson         Filip Hronek             Ivan Provorov            

Last Minutes Defensive
   Center                   Left Wing                Right Wing               Defense                  Defense                  
   Kevin Hayes              Zach Hyman               Ryan Carpenter           Filip Hronek             Ivan Provorov            

Goaltenders
Starting : Martin Jones             
Backup : Elvis Merzlikins         

Extra Forwards
Normal : Joonas Donskoi, Zach Hyman, Rickard Rakell - PP : Tyler Ennis, Joonas Donskoi - PK : Tyler Ennis
Extra Defensemen
Normal : Ryan Murray, Filip Hronek, Ivan Provorov - PP : Ryan Murray - PK : Filip Hronek, Ivan Provorov
Penalty Shots
Rickard Rakell, Rasmus Dahlin, Anze Kopitar, Joonas Donskoi, Nicklas Backstrom
Custom OT Lines Forwards
Kevin Hayes, Nicklas Backstrom, Viktor Arvidsson, Rickard Rakell, Clayton Keller, Zach Hyman, Anze Kopitar, Andre Burakovsky, Tyler Ennis, Ryan Carpenter
Custom OT Lines Defensemen
Ivan Provorov, Filip Hronek, Rasmus Dahlin, Ryan Murray, Madison Bowey

Scratches
James Reimer (Healthy)

Oilers

5 vs 5 Forward 
   Center                   Left Wing                Right Wing               Time % Phy DF OF 
 1 Connor McDavid           Evgeni Dadonov           Bobby Ryan               30     1   2  2  
 2 Sam Gagner               Sonny Milano             Kyle Okposo              30     1   2  2  
 3 Tomas Nosek              Tyler Motte              Adam Erne                20     1   2  2  
 4 Ben Street               Nathan Gerbe             Jordan Nolan             20     1   2  2  

5 vs 5 Defense 
   Defense                  Defense                                           Time % Phy DF OF 
 1 Brenden Dillon           Kevin Shattenkirk                                 35     1   2  2  
 2 Brandon Montour          Brendan Smith                                     35     1   2  2  
 3 Christian Djoos          Dennis Gilbert                                    30     1   2  2  
 4 Dennis Gilbert           Brenden Dillon                                    0      1   2  2  

PowerPlay Forward 
   Center                   Left Wing                Right Wing               Time % Phy DF OF 
 1 Connor McDavid           Bobby Ryan               Evgeni Dadonov           50     1   2  2  
 2 Sam Gagner               Kyle Okposo              Sonny Milano             50     1   2  2  

PowerPlay Defense
   Defense                  Defense                                           Time % Phy DF OF 
 1 Brenden Dillon           Kevin Shattenkirk                                 50     1   2  2  
 2 Brandon Montour          Brendan Smith                                     50     1   2  2  

Penalty Kill 4 Players Forward 
   Center                   Wing                     Time % Phy DF OF 
 1 Tomas Nosek              Tyler Motte              50     1   2  2  
 2 Ben Street               Adam Erne                50     1   2  2  

Penalty Kill 4 Players Defense
   Defense                  Defense                  Time % Phy DF OF 
 1 Brenden Dillon           Kevin Shattenkirk        50     1   2  2  
 2 Brandon Montour          Brendan Smith            50     1   2  2  

Penalty Kill - 3 Players Forward 
   Forward                                           Time % Phy DF OF 
 1 Tomas Nosek                                       50     1   2  2  
 2 Ben Street                                        50     1   2  2  

Penalty Kill - 3 Players Defense
   Defense                  Defense                  Time % Phy DF OF 
 1 Brenden Dillon           Kevin Shattenkirk        50     1   2  2  
 2 Brandon Montour          Brendan Smith            50     1   2  2  

4 vs 4 Forward 
   Center                   Wing                     Time % Phy DF OF 
 1 Connor McDavid           Evgeni Dadonov           50     1   2  2  
 2 Sam Gagner               Bobby Ryan               50     1   2  2  

4 vs 4 Defense
   Defense                  Defense                  Time % Phy DF OF 
 1 Brenden Dillon           Kevin Shattenkirk        50     1   2  2  
 2 Brandon Montour          Brendan Smith            50     1   2  2  

Last Minutes Offensive
   Center                   Left Wing                Right Wing               Defense                  Defense                  
   Connor McDavid           Evgeni Dadonov           Kyle Okposo              Brenden Dillon           Kevin Shattenkirk        

Last Minutes Defensive
   Center                   Left Wing                Right Wing               Defense                  Defense                  
   Tomas Nosek              Tyler Motte              Adam Erne                Brenden Dillon           Kevin Shattenkirk        

Goaltenders
Starting : Thomas Greiss            
Backup : Kaapo Kahkonen           

Extra Forwards
Normal : Connor McDavid, Evgeni Dadonov, Bobby Ryan - PP : Connor McDavid, Evgeni Dadonov - PK : Tomas Nosek
Extra Defensemen
Normal : Christian Djoos, Dennis Gilbert, Brandon Montour - PP : Christian Djoos - PK : Dennis Gilbert, Brenden Dillon
Penalty Shots
Connor McDavid, Evgeni Dadonov, Kyle Okposo, Bobby Ryan, Sonny Milano
Custom OT Lines Forwards
Connor McDavid, Evgeni Dadonov, Kyle Okposo, Bobby Ryan, Tyler Motte, Sam Gagner, Tomas Nosek, Nathan Gerbe, Sonny Milano, Ben Street
Custom OT Lines Defensemen
Brenden Dillon, Kevin Shattenkirk, Brandon Montour, Brendan Smith, Christian Djoos

Scratches
Jordan Oesterle (Torn Left ACL Injury), Ryan Miller (Right Foot Injury)

% Time on Ice - Sabres

Lines # - Real PCT - Wanted PCT - Time Play
Normal Forward
1 - 30% - 30% - 16:21
2 - 28% - 27% - 15:01
3 - 22% - 23% - 11:56
4 - 20% - 20% - 10:42
Normal Defense
1 - 38% - 38% - 20:22
2 - 35% - 35% - 19:09
3 - 27% - 27% - 14:29
4 - 0% - 0% - 0:00
PP Forward
1 - 53% - 60% - 3:12
2 - 47% - 40% - 2:48
PP Defense
1 - 56% - 59% - 3:23
2 - 44% - 41% - 2:37
PK Forward
1 - 0% - 65%
2 - 0% - 35%
PK Defense
1 - 0% - 65%
2 - 0% - 35%
PK3 Forward
1 - 0% - 60%
2 - 0% - 40%
PK3 Defense
1 - 0% - 60%
2 - 0% - 40%
44 Forward
1 - 0% - 50%
2 - 0% - 50%
44 Defense
1 - 0% - 50%
2 - 0% - 50%
Last Minute Offensive  - 0:00
Last Minute Defensive  - 0:00
Total
Forward - 60:00
Defense - 60:00

% Time on Ice - Oilers

Lines # - Real PCT - Wanted PCT - Time Play
Normal Forward
1 - 29% - 30% - 15:46
2 - 30% - 30% - 16:02
3 - 20% - 20% - 11:03
4 - 21% - 20% - 11:09
Normal Defense
1 - 35% - 35% - 18:39
2 - 34% - 35% - 18:21
3 - 31% - 30% - 17:00
4 - 0% - 0% - 0:00
PP Forward
1 - 0% - 50%
2 - 0% - 50%
PP Defense
1 - 0% - 50%
2 - 0% - 50%
PK Forward
1 - 50% - 50% - 3:01
2 - 50% - 50% - 2:59
PK Defense
1 - 55% - 50% - 3:19
2 - 45% - 50% - 2:41
PK3 Forward
1 - 0% - 50%
2 - 0% - 50%
PK3 Defense
1 - 0% - 50%
2 - 0% - 50%
44 Forward
1 - 0% - 50%
2 - 0% - 50%
44 Defense
1 - 0% - 50%
2 - 0% - 50%
Last Minute Offensive  - 0:00
Last Minute Defensive  - 0:00
Total
Forward - 60:00
Defense - 60:00

Play-by-Play

1st period


0:01 of 1st period - Anze Kopitar wins face-off versus Connor McDavid in neutral zone.
0:06 of 1st period - Snap shot by Rickard Rakell.
0:06 of 1st period - Stopped by Thomas Greiss without a rebound.
0:07 of 1st period - Connor McDavid wins face-off versus Andre Burakovsky in Oilers zone.
0:14 of 1st period - Snap shot by Connor McDavid.
0:14 of 1st period - Stopped by Martin Jones with a rebound.
0:16 of 1st period - Slapshot by Connor McDavid.
0:16 of 1st period - Stopped by Martin Jones with a rebound.
1:51 of 1st period - Anze Kopitar is hit by Kyle Okposo and loses puck.
2:22 of 1st period - Snap shot by Tomas Nosek.
2:22 of 1st period - Shot Misses the Net.
2:24 of 1st period - Snap shot by Adam Erne.
2:24 of 1st period - Deflect By Tyler Motte.
2:24 of 1st period - Stopped by Martin Jones without a rebound.
2:25 of 1st period - Ben Street wins face-off versus Ryan Carpenter in Sabres zone.
2:38 of 1st period - Slapshot by Tyler Ennis.
2:38 of 1st period - Shot Misses the Net.
3:17 of 1st period - Connor McDavid is hit by Zach Hyman and loses puck.
3:51 of 1st period - Marco Scandella is hit by Nathan Gerbe and loses puck.
4:14 of 1st period - Snap shot by Kailer Yamamoto.
4:14 of 1st period - Shot Misses the Net.
4:44 of 1st period - Wrist shot by Tyler Motte.
4:44 of 1st period - Stopped by Martin Jones with a rebound.
5:00 of 1st period - Wrist shot by Connor McDavid.
5:00 of 1st period - Shot Misses the Net.
5:45 of 1st period - Snap shot by Sonny Milano.
5:45 of 1st period - Shot Blocked by Clayton Keller.
5:47 of 1st period - Wrist shot by Sam Gagner.
5:47 of 1st period - Shot Misses the Net.
5:49 of 1st period - Snap shot by Sam Gagner.
5:49 of 1st period - Deflect By Sonny Milano.
5:49 of 1st period - Shot Misses the Net.
5:49 of 1st period - Puck is out of play.
5:50 of 1st period - Sam Gagner wins face-off versus Kailer Yamamoto in Sabres zone.
5:51 of 1st period - Snap shot by Sonny Milano.
5:51 of 1st period - Deflect By Filip Hronek.
5:51 of 1st period - Stopped by Martin Jones with a rebound.
5:53 of 1st period - Backhand shot by Christian Djoos.
5:53 of 1st period - Deflect By Ivan Provorov.
5:53 of 1st period - Stopped by Martin Jones without a rebound.
5:54 of 1st period - Nicklas Backstrom wins face-off versus Sam Gagner in Sabres zone.
6:01 of 1st period - Snap shot by Kailer Yamamoto.
6:01 of 1st period - Stopped by Thomas Greiss with a rebound.
6:26 of 1st period - Snap shot by Zach Hyman.
6:26 of 1st period - Shot Blocked by Sonny Milano.
6:46 of 1st period - Snap shot by Kyle Okposo.
6:46 of 1st period - Shot Blocked by Ivan Provorov.
6:58 of 1st period - Snap shot by Sam Gagner.
6:58 of 1st period - Deflect By Sonny Milano.
6:58 of 1st period - Shot Misses the Net.
6:58 of 1st period - Puck is out of play.
6:59 of 1st period - Connor McDavid wins face-off versus Anze Kopitar in Sabres zone.
7:06 of 1st period - Snap shot by Connor McDavid.
7:06 of 1st period - Stopped by Martin Jones without a rebound.
7:07 of 1st period - Anze Kopitar wins face-off versus Connor McDavid in Sabres zone.
7:12 of 1st period - Kevin Shattenkirk is hit by Anze Kopitar and loses puck.
7:25 of 1st period - Wrist shot by Evgeni Dadonov.
7:25 of 1st period - Stopped by Martin Jones with a rebound.
8:01 of 1st period - Wrist shot by Connor McDavid.
8:01 of 1st period - Stopped by Martin Jones with a rebound.
8:07 of 1st period - Snap shot by Andre Burakovsky.
8:07 of 1st period - Stopped by Thomas Greiss with a rebound.
8:09 of 1st period - Snap shot by Rasmus Dahlin.
8:09 of 1st period - Shot Misses the Net.
8:11 of 1st period - Slapshot by Rickard Rakell.
8:11 of 1st period - Stopped by Thomas Greiss with a rebound.
8:13 of 1st period - Wrist shot by Anze Kopitar.
8:13 of 1st period - Stopped by Thomas Greiss with a rebound.
8:15 of 1st period - Slapshot by Andre Burakovsky.
8:15 of 1st period - Shot Misses the Net.
8:31 of 1st period - Slapshot by Evgeni Dadonov.
8:31 of 1st period - Stopped by Martin Jones with a rebound.
9:19 of 1st period - Snap shot by Andre Burakovsky.
9:19 of 1st period - Shot Misses the Net.
9:21 of 1st period - Snap shot by Ryan Murray.
9:21 of 1st period - Stopped by Thomas Greiss with a rebound.
9:23 of 1st period - Slapshot by Anze Kopitar.
9:23 of 1st period - Deflect By Andre Burakovsky.
9:23 of 1st period - Shot Blocked by Evgeni Dadonov.
9:23 of 1st period - Puck is out of play.
9:24 of 1st period - Tomas Nosek wins face-off versus Nicklas Backstrom in Oilers zone.
9:54 of 1st period - Slapshot by Nathan Gerbe.
9:54 of 1st period - Deflect By Ivan Provorov.
9:54 of 1st period - Stopped by Martin Jones with a rebound.
9:56 of 1st period - Slapshot by Brendan Smith.
9:56 of 1st period - Shot Misses the Net.
10:00 of 1st period - Snap shot by Nathan Gerbe.
10:00 of 1st period - Stopped by Martin Jones without a rebound.
10:01 of 1st period - Nicklas Backstrom wins face-off versus Sam Gagner in Sabres zone.
10:09 of 1st period - Off-side.
10:10 of 1st period - Nicklas Backstrom wins face-off versus Sam Gagner in neutral zone.
10:17 of 1st period - Backhand shot by Kailer Yamamoto.
10:17 of 1st period - Stopped by Thomas Greiss with a rebound.
10:42 of 1st period - Minor Penalty to Dennis Gilbert for Tripping.
10:43 of 1st period - Tomas Nosek wins face-off versus Nicklas Backstrom in Oilers zone.
11:31 of 1st period - Wrist shot by Tomas Nosek.
11:31 of 1st period - Stopped by Martin Jones with a rebound.
11:51 of 1st period - Icing by Andre Burakovsky.
11:52 of 1st period - Ben Street wins face-off versus Anze Kopitar in Sabres zone.
12:42 of 1st period - Penalty to Dennis Gilbert is over, Dennis Gilbert is back on ice.
13:27 of 1st period - Christian Djoos is hit by Madison Bowey and loses puck.
14:33 of 1st period - Brandon Montour is hit by Ryan Murray and loses puck.
16:34 of 1st period - Ben Street is hit by Madison Bowey and loses puck.
17:10 of 1st period - Tyler Motte is hit by Kevin Hayes and loses puck.
17:35 of 1st period - Marco Scandella is hit by Tomas Nosek and loses puck.
17:50 of 1st period - Tyler Ennis is hit by Brendan Smith and loses puck.
17:55 of 1st period - Wrist shot by Kyle Okposo.
17:55 of 1st period - Shot Blocked by Madison Bowey.
18:18 of 1st period - Kevin Shattenkirk is hit by Rasmus Dahlin and loses puck.
18:29 of 1st period - Snap shot by Andre Burakovsky.
18:29 of 1st period - Goal by Andre Burakovsky - Sabres : 1 - Oilers : 0.
18:30 of 1st period - Kevin Hayes wins face-off versus Nathan Gerbe in neutral zone.
19:07 of 1st period - Wrist shot by Kailer Yamamoto.
19:07 of 1st period - Shot Blocked by Christian Djoos.
Goals for this period are 1 for Sabres vs 0 for Oilers.
Shots for this period are 8 for Sabres vs 13 for Oilers.

2nd period


0:01 of 2nd period - Sam Gagner wins face-off versus Clayton Keller in neutral zone.
0:06 of 2nd period - Wrist shot by Sonny Milano.
0:06 of 2nd period - Shot Blocked by Ryan Murray.
0:12 of 2nd period - Kyle Okposo is hit by Clayton Keller.
0:32 of 2nd period - Wrist shot by Ben Street.
0:32 of 2nd period - Shot Misses the Net.
0:54 of 2nd period - Snap shot by Tyler Ennis.
0:54 of 2nd period - Shot Blocked by Connor McDavid.
0:56 of 2nd period - Slapshot by Tyler Ennis.
0:56 of 2nd period - Stopped by Thomas Greiss with a rebound.
0:58 of 2nd period - Wrist shot by Ivan Provorov.
0:58 of 2nd period - Stopped by Thomas Greiss without a rebound.
0:59 of 2nd period - Nicklas Backstrom wins face-off versus Sam Gagner in Oilers zone.
1:24 of 2nd period - Ivan Provorov is hit by Brenden Dillon and loses puck.
1:43 of 2nd period - Slapshot by Clayton Keller.
1:43 of 2nd period - Stopped by Thomas Greiss with a rebound.
1:45 of 2nd period - Slapshot by Rasmus Dahlin.
1:45 of 2nd period - Stopped by Thomas Greiss with a rebound.
2:21 of 2nd period - Snap shot by Clayton Keller.
2:21 of 2nd period - Stopped by Thomas Greiss with a rebound.
2:23 of 2nd period - Wrist shot by Filip Hronek.
2:23 of 2nd period - Shot Misses the Net.
2:25 of 2nd period - Slapshot by Filip Hronek.
2:25 of 2nd period - Stopped by Thomas Greiss without a rebound.
2:26 of 2nd period - Kevin Hayes wins face-off versus Tomas Nosek in Oilers zone.
2:27 of 2nd period - Slapshot by Zach Hyman.
2:27 of 2nd period - Shot Misses the Net.
2:39 of 2nd period - Wrist shot by Kevin Hayes.
2:39 of 2nd period - Stopped by Thomas Greiss without a rebound.
2:40 of 2nd period - Anze Kopitar wins face-off versus Connor McDavid in Oilers zone.
3:26 of 2nd period - Tyler Ennis is hit by Adam Erne.
3:30 of 2nd period - Adam Erne is hit by Joonas Donskoi.
4:12 of 2nd period - Slapshot by Ivan Provorov.
4:12 of 2nd period - Deflect By Kevin Hayes.
4:12 of 2nd period - Shot Misses the Net.
4:12 of 2nd period - Puck is out of play.
4:13 of 2nd period - Kevin Hayes wins face-off versus Sam Gagner in Oilers zone.
4:49 of 2nd period - Snap shot by Andre Burakovsky.
4:49 of 2nd period - Stopped by Thomas Greiss with a rebound.
5:01 of 2nd period - Snap shot by Tomas Nosek.
5:01 of 2nd period - Shot Blocked by Ryan Carpenter.
5:03 of 2nd period - Slapshot by Brendan Smith.
5:03 of 2nd period - Shot Misses the Net.
5:05 of 2nd period - Wrist shot by Brandon Montour.
5:05 of 2nd period - Stopped by Martin Jones with a rebound.
5:07 of 2nd period - Slapshot by Brandon Montour.
5:07 of 2nd period - Shot Misses the Net.
5:09 of 2nd period - Slapshot by Brendan Smith.
5:09 of 2nd period - Stopped by Martin Jones with a rebound.
5:11 of 2nd period - Wrist shot by Tyler Motte.
5:11 of 2nd period - Shot Misses the Net.
6:23 of 2nd period - Wrist shot by Joonas Donskoi.
6:23 of 2nd period - Shot Blocked by Christian Djoos.
6:25 of 2nd period - Snap shot by Ryan Carpenter.
6:25 of 2nd period - Stopped by Thomas Greiss with a rebound.
7:27 of 2nd period - Snap shot by Joonas Donskoi.
7:27 of 2nd period - Shot Blocked by Dennis Gilbert.
7:29 of 2nd period - Snap shot by Joonas Donskoi.
7:29 of 2nd period - Shot Misses the Net.
7:31 of 2nd period - Slapshot by Joonas Donskoi.
7:31 of 2nd period - Stopped by Thomas Greiss without a rebound.
7:32 of 2nd period - Anze Kopitar wins face-off versus Sam Gagner in Oilers zone.
7:33 of 2nd period - Slapshot by Andre Burakovsky.
7:33 of 2nd period - Shot Blocked by Brandon Montour.
7:59 of 2nd period - Kevin Hayes is hit by Jordan Nolan and loses puck.
8:08 of 2nd period - Backhand shot by Zach Hyman.
8:08 of 2nd period - Stopped by Thomas Greiss without a rebound.
8:09 of 2nd period - Sam Gagner wins face-off versus Ryan Carpenter in Oilers zone.
8:14 of 2nd period - Snap shot by Sonny Milano.
8:14 of 2nd period - Shot Misses the Net.
8:16 of 2nd period - Snap shot by Kyle Okposo.
8:16 of 2nd period - Deflect By Sonny Milano.
8:16 of 2nd period - Goal by Sonny Milano - Sabres : 1 - Oilers : 1.
8:17 of 2nd period - Anze Kopitar wins face-off versus Connor McDavid in neutral zone.
8:20 of 2nd period - Connor McDavid is hit by Anze Kopitar and loses puck.
8:29 of 2nd period - Snap shot by Rickard Rakell.
8:29 of 2nd period - Stopped by Thomas Greiss with a rebound.
8:31 of 2nd period - Snap shot by Andre Burakovsky.
8:31 of 2nd period - Shot Misses the Net.
8:33 of 2nd period - Slapshot by Rasmus Dahlin.
8:33 of 2nd period - Shot Misses the Net.
8:52 of 2nd period - Slapshot by Evgeni Dadonov.
8:52 of 2nd period - Stopped by Martin Jones with a rebound.
9:56 of 2nd period - Snap shot by Tyler Motte.
9:56 of 2nd period - Stopped by Martin Jones without a rebound.
9:57 of 2nd period - Nicklas Backstrom wins face-off versus Tomas Nosek in Sabres zone.
10:12 of 2nd period - Slapshot by Clayton Keller.
10:12 of 2nd period - Stopped by Thomas Greiss without a rebound.
10:13 of 2nd period - Sam Gagner wins face-off versus Anze Kopitar in Oilers zone.
10:26 of 2nd period - Snap shot by Sam Gagner.
10:26 of 2nd period - Shot Misses the Net.
10:28 of 2nd period - Slapshot by Kyle Okposo.
10:28 of 2nd period - Shot Misses the Net.
10:41 of 2nd period - Icing by Ivan Provorov.
10:42 of 2nd period - Kevin Hayes wins face-off versus Connor McDavid in Sabres zone.
10:47 of 2nd period - Slapshot by Kevin Hayes.
10:47 of 2nd period - Stopped by Thomas Greiss without a rebound.
10:48 of 2nd period - Anze Kopitar wins face-off versus Sam Gagner in Oilers zone.
10:56 of 2nd period - Minor Penalty to Brenden Dillon for Hooking.
10:57 of 2nd period - Ben Street wins face-off versus Kailer Yamamoto in Oilers zone.
11:32 of 2nd period - Kevin Shattenkirk is hit by Madison Bowey and loses puck.
12:25 of 2nd period - Adam Erne is hit by Zach Hyman and loses puck.
12:42 of 2nd period - Connor McDavid is hit by Kailer Yamamoto and loses puck.
12:56 of 2nd period - Penalty to Brenden Dillon is over, Brenden Dillon is back on ice.
13:01 of 2nd period - Snap shot by Tyler Ennis.
13:01 of 2nd period - Deflect By Joonas Donskoi.
13:01 of 2nd period - Shot Misses the Net.
13:01 of 2nd period - Puck is out of play.
13:02 of 2nd period - Ryan Carpenter wins face-off versus Sam Gagner in Oilers zone.
13:33 of 2nd period - Slapshot by Kevin Hayes.
13:33 of 2nd period - Stopped by Thomas Greiss without a rebound.
13:34 of 2nd period - Connor McDavid wins face-off versus Anze Kopitar in Oilers zone.
14:07 of 2nd period - Snap shot by Nathan Gerbe.
14:07 of 2nd period - Deflect By Ben Street.
14:07 of 2nd period - Stopped by Martin Jones without a rebound.
14:08 of 2nd period - Sam Gagner wins face-off versus Nicklas Backstrom in Sabres zone.
14:09 of 2nd period - Wrist shot by Sonny Milano.
14:09 of 2nd period - Shot Misses the Net.
14:11 of 2nd period - Snap shot by Sam Gagner.
14:11 of 2nd period - Deflect By Clayton Keller.
14:11 of 2nd period - Shot Misses the Net.
14:11 of 2nd period - Puck is out of play.
14:12 of 2nd period - Nicklas Backstrom wins face-off versus Sam Gagner in Sabres zone.
14:23 of 2nd period - Slapshot by Clayton Keller.
14:23 of 2nd period - Shot Blocked by Sonny Milano.
14:39 of 2nd period - Slapshot by Zach Hyman.
14:39 of 2nd period - Shot Misses the Net.
15:01 of 2nd period - Slapshot by Filip Hronek.
15:01 of 2nd period - Shot Blocked by Jordan Nolan.
15:12 of 2nd period - Minor Penalty to Kevin Shattenkirk for Hooking.
15:13 of 2nd period - Anze Kopitar wins face-off versus Ben Street in Oilers zone.
15:39 of 2nd period - Brandon Montour is hit by Ivan Provorov and loses puck.
16:22 of 2nd period - Tyler Motte is hit by Rickard Rakell.
17:12 of 2nd period - Penalty to Kevin Shattenkirk is over, Kevin Shattenkirk is back on ice.
17:19 of 2nd period - Wrist shot by Tyler Ennis.
17:19 of 2nd period - Goal by Tyler Ennis - Sabres : 2 - Oilers : 1.
17:20 of 2nd period - Kevin Hayes wins face-off versus Kyle Okposo in neutral zone.
18:11 of 2nd period - Rickard Rakell is hit by Brendan Smith and loses puck.
18:20 of 2nd period - Adam Erne is hit by Rickard Rakell and loses puck.
18:50 of 2nd period - Off-side.
18:51 of 2nd period - Kevin Hayes wins face-off versus Sam Gagner in neutral zone.
19:00 of 2nd period - Slapshot by Kevin Shattenkirk.
19:00 of 2nd period - Stopped by Martin Jones without a rebound.
19:01 of 2nd period - Nicklas Backstrom wins face-off versus Sam Gagner in Sabres zone.
19:34 of 2nd period - Wrist shot by Anze Kopitar.
19:34 of 2nd period - Stopped by Thomas Greiss with a rebound.
19:36 of 2nd period - Slapshot by Filip Hronek.
19:36 of 2nd period - Shot Misses the Net.
19:38 of 2nd period - Snap shot by Anze Kopitar.
19:38 of 2nd period - Stopped by Thomas Greiss with a rebound.
19:48 of 2nd period - Wrist shot by Kevin Hayes.
19:48 of 2nd period - Shot Blocked by Kevin Shattenkirk.
19:50 of 2nd period - Snap shot by Ryan Murray.
19:50 of 2nd period - Shot Misses the Net.
19:52 of 2nd period - Slapshot by Ryan Murray.
19:52 of 2nd period - Shot Blocked by Brenden Dillon.
19:54 of 2nd period - Slapshot by Kevin Hayes.
19:54 of 2nd period - Shot Blocked by Kevin Shattenkirk.
19:56 of 2nd period - Slapshot by Ryan Murray.
19:56 of 2nd period - Stopped by Thomas Greiss without a rebound.
19:57 of 2nd period - Nicklas Backstrom wins face-off versus Sam Gagner in Oilers zone.
Goals for this period are 1 for Sabres vs 1 for Oilers.
Shots for this period are 19 for Sabres vs 7 for Oilers.

3rd period


0:01 of 3rd period - Sam Gagner wins face-off versus Nicklas Backstrom in neutral zone.
0:04 of 3rd period - Clayton Keller is hit by Sam Gagner and loses puck.
0:15 of 3rd period - Snap shot by Clayton Keller.
0:15 of 3rd period - Shot Blocked by Brendan Smith.
0:52 of 3rd period - Tyler Motte is hit by Joonas Donskoi and loses puck.
1:53 of 3rd period - Wrist shot by Rickard Rakell.
1:53 of 3rd period - Shot Misses the Net.
2:01 of 3rd period - Snap shot by Connor McDavid.
2:01 of 3rd period - Stopped by Martin Jones without a rebound.
2:02 of 3rd period - Nicklas Backstrom wins face-off versus Adam Erne in Sabres zone.
2:09 of 3rd period - Snap shot by Ryan Murray.
2:09 of 3rd period - Deflect By Kevin Shattenkirk.
2:09 of 3rd period - Stopped by Thomas Greiss without a rebound.
2:10 of 3rd period - Nicklas Backstrom wins face-off versus Tomas Nosek in Oilers zone.
2:15 of 3rd period - Snap shot by Nicklas Backstrom.
2:15 of 3rd period - Shot Misses the Net.
2:37 of 3rd period - Kyle Okposo is hit by Rickard Rakell and loses puck.
3:00 of 3rd period - Wrist shot by Zach Hyman.
3:00 of 3rd period - Stopped by Thomas Greiss with a rebound.
3:25 of 3rd period - Snap shot by Nathan Gerbe.
3:25 of 3rd period - Deflect By Ryan Carpenter.
3:25 of 3rd period - Shot Blocked by Ivan Provorov.
3:25 of 3rd period - Puck is out of play.
3:26 of 3rd period - Ben Street wins face-off versus Ryan Carpenter in Sabres zone.
3:27 of 3rd period - Slapshot by Nathan Gerbe.
3:27 of 3rd period - Shot Misses the Net.
4:33 of 3rd period - Slapshot by Joonas Donskoi.
4:33 of 3rd period - Stopped by Thomas Greiss with a rebound.
4:35 of 3rd period - Snap shot by Madison Bowey.
4:35 of 3rd period - Shot Misses the Net.
4:37 of 3rd period - Snap shot by Ivan Provorov.
4:37 of 3rd period - Stopped by Thomas Greiss with a rebound.
5:08 of 3rd period - Off-side.
5:09 of 3rd period - Anze Kopitar wins face-off versus Kyle Okposo in neutral zone.
5:58 of 3rd period - Wrist shot by Zach Hyman.
5:58 of 3rd period - Stopped by Thomas Greiss without a rebound.
5:59 of 3rd period - Tomas Nosek wins face-off versus Kevin Hayes in Oilers zone.
5:59 of 3rd period - Tomas Nosek is hit by Marco Scandella.
6:19 of 3rd period - Marco Scandella is hit by Tyler Motte and loses puck.
6:25 of 3rd period - Off-side.
6:26 of 3rd period - Sonny Milano wins face-off versus Anze Kopitar in neutral zone.
6:29 of 3rd period - Andre Burakovsky is hit by Sam Gagner.
7:17 of 3rd period - Kevin Shattenkirk is hit by Zach Hyman.
7:33 of 3rd period - Viktor Arvidsson is hit by Ben Street and loses puck.
7:41 of 3rd period - Off-side.
7:42 of 3rd period - Anze Kopitar wins face-off versus Sam Gagner in neutral zone.
7:45 of 3rd period - Brenden Dillon is hit by Andre Burakovsky and loses puck.
8:08 of 3rd period - Brenden Dillon is hit by Kailer Yamamoto and loses puck.
8:15 of 3rd period - Snap shot by Kailer Yamamoto.
8:15 of 3rd period - Stopped by Thomas Greiss without a rebound.
8:16 of 3rd period - Nicklas Backstrom wins face-off versus Adam Erne in Oilers zone.
8:53 of 3rd period - Snap shot by Kyle Okposo.
8:53 of 3rd period - Stopped by Martin Jones with a rebound.
8:55 of 3rd period - Wrist shot by Sonny Milano.
8:55 of 3rd period - Stopped by Martin Jones without a rebound.
8:56 of 3rd period - Nicklas Backstrom wins face-off versus Connor McDavid in Sabres zone.
9:03 of 3rd period - Wrist shot by Nicklas Backstrom.
9:03 of 3rd period - Stopped by Thomas Greiss without a rebound.
9:04 of 3rd period - Connor McDavid wins face-off versus Nicklas Backstrom in Oilers zone.
9:04 of 3rd period - Connor McDavid is hit by Nicklas Backstrom.
9:10 of 3rd period - Filip Hronek is hit by Bobby Ryan and loses puck.
9:51 of 3rd period - Slapshot by Zach Hyman.
9:51 of 3rd period - Shot Misses the Net.
10:37 of 3rd period - Slapshot by Rasmus Dahlin.
10:37 of 3rd period - Stopped by Thomas Greiss without a rebound.
10:38 of 3rd period - Sam Gagner wins face-off versus Nicklas Backstrom in Oilers zone.
10:40 of 3rd period - Minor Penalty to Brenden Dillon for Slashing.
10:41 of 3rd period - Anze Kopitar wins face-off versus Tomas Nosek in Oilers zone.
10:43 of 3rd period - Wrist shot by Andre Burakovsky.
10:43 of 3rd period - Goal by Andre Burakovsky - Sabres : 3 - Oilers : 1.
10:44 of 3rd period - Anze Kopitar wins face-off versus Sam Gagner in neutral zone.
11:45 of 3rd period - Wrist shot by Tyler Ennis.
11:45 of 3rd period - Shot Misses the Net.
11:52 of 3rd period - Icing by Brenden Dillon.
11:53 of 3rd period - Kevin Hayes wins face-off versus Ben Street in Oilers zone.
12:18 of 3rd period - Nathan Gerbe is hit by Nicklas Backstrom and loses puck.
12:25 of 3rd period - Filip Hronek is hit by Nathan Gerbe and loses puck.
12:30 of 3rd period - Slapshot by Ben Street.
12:30 of 3rd period - Shot Misses the Net.
12:32 of 3rd period - Snap shot by Jordan Nolan.
12:32 of 3rd period - Stopped by Martin Jones without a rebound.
12:33 of 3rd period - Sonny Milano wins face-off versus Anze Kopitar in Sabres zone.
12:34 of 3rd period - Snap shot by Kyle Okposo.
12:34 of 3rd period - Shot Misses the Net.
13:01 of 3rd period - Off-side.
13:02 of 3rd period - Nicklas Backstrom wins face-off versus Connor McDavid in neutral zone.
13:27 of 3rd period - Dennis Gilbert is hit by Andre Burakovsky and loses puck.
13:52 of 3rd period - Wrist shot by Joonas Donskoi.
13:52 of 3rd period - Shot Misses the Net.
13:54 of 3rd period - Wrist shot by Joonas Donskoi.
13:54 of 3rd period - Stopped by Thomas Greiss with a rebound.
13:56 of 3rd period - Slapshot by Ryan Murray.
13:56 of 3rd period - Deflect By Joonas Donskoi.
13:56 of 3rd period - Stopped by Thomas Greiss with a rebound.
13:58 of 3rd period - Snap shot by Ryan Carpenter.
13:58 of 3rd period - Goal by Ryan Carpenter - Sabres : 4 - Oilers : 1.
13:59 of 3rd period - Rickard Rakell wins face-off versus Sam Gagner in neutral zone.
14:11 of 3rd period - Wrist shot by Andre Burakovsky.
14:11 of 3rd period - Shot Misses the Net.
14:13 of 3rd period - Snap shot by Rickard Rakell.
14:13 of 3rd period - Stopped by Thomas Greiss without a rebound.
14:14 of 3rd period - Connor McDavid wins face-off versus Kevin Hayes in Oilers zone.
14:29 of 3rd period - Wrist shot by Evgeni Dadonov.
14:29 of 3rd period - Stopped by Martin Jones without a rebound.
14:30 of 3rd period - Rickard Rakell wins face-off versus Sam Gagner in Sabres zone.
14:30 of 3rd period - Rickard Rakell is hit by Sam Gagner.
15:03 of 3rd period - Snap shot by Connor McDavid.
15:03 of 3rd period - Stopped by Martin Jones with a rebound.
15:29 of 3rd period - Rasmus Dahlin is hit by Tomas Nosek and loses puck.
16:46 of 3rd period - Snap shot by Nicklas Backstrom.
16:46 of 3rd period - Goal by Nicklas Backstrom - Sabres : 5 - Oilers : 1.
16:47 of 3rd period - Sam Gagner wins face-off versus Anze Kopitar in neutral zone.
16:58 of 3rd period - Slapshot by Kyle Okposo.
16:58 of 3rd period - Goal by Kyle Okposo - Sabres : 5 - Oilers : 2.
16:59 of 3rd period - Sonny Milano wins face-off versus Anze Kopitar in neutral zone.
17:54 of 3rd period - Backhand shot by Clayton Keller.
17:54 of 3rd period - Stopped by Thomas Greiss with a rebound.
18:31 of 3rd period - Kyle Okposo is hit by Andre Burakovsky and loses puck.
19:13 of 3rd period - Clayton Keller is hit by Adam Erne and loses puck.
19:20 of 3rd period - Wrist shot by Tomas Nosek.
19:20 of 3rd period - Stopped by Martin Jones with a rebound.
19:22 of 3rd period - Snap shot by Tomas Nosek.
19:22 of 3rd period - Stopped by Martin Jones without a rebound.
19:23 of 3rd period - Sam Gagner wins face-off versus Anze Kopitar in Sabres zone.
19:24 of 3rd period - Snap shot by Sonny Milano.
19:24 of 3rd period - Shot Misses the Net.
19:26 of 3rd period - Slapshot by Brenden Dillon.
19:26 of 3rd period - Deflect By Kyle Okposo.
19:26 of 3rd period - Stopped by Martin Jones with a rebound.
19:28 of 3rd period - Wrist shot by Kyle Okposo.
19:28 of 3rd period - Stopped by Martin Jones with a rebound.
19:30 of 3rd period - Snap shot by Kevin Shattenkirk.
19:30 of 3rd period - Stopped by Martin Jones without a rebound.
19:31 of 3rd period - Anze Kopitar wins face-off versus Sam Gagner in Sabres zone.
19:58 of 3rd period - Snap shot by Nathan Gerbe.
19:58 of 3rd period - Shot Blocked by Rickard Rakell.
Goals for this period are 3 for Sabres vs 1 for Oilers.
Shots for this period are 15 for Sabres vs 12 for Oilers. Output by the SimonT Hockey Simulator (STHS) for Eric Tremblay - Original Page W3C HTML5 Valid
Hockey Simulator - Hockey Simulation - Hockey Manager